 Dungeon Crawl Stone Soup version 0.19.0-9-gfd783f2 (webtiles) character file.

178804 Millan the Severer (level 17, -9/161 HPs)
             Began as a Minotaur Fighter on Nov 7, 2016.
             Was the Champion of Ashenzari.
             Killed from afar by a shock serpent (10 damage)
             ... with an electric aura
             ... on level 4 of the Snake Pit.
             The game lasted 02:07:03 (26898 turns).

Millan the Severer (Minotaur Fighter)              Turns: 26898, Time: 02:07:03

Health: -9/161     AC: 25    Str: 35    XL:     17   Next: 28%
Magic:  13/13      EV:  9    Int:  4    God:    Ashenzari [******]
Gold:   2016       SH: 24    Dex:  9    Spells: 0 memorised, 16 levels left

rFire  + . .     SeeInvis +     d - +11 broad axe of the Demagogue {drain, rC+ Str+6 Stlth+} (curse)
rCold  + + +     Gourm    .     S - +1 plate armour
rNeg   . . .     Faith    .     Z - +0 large shield
rPois  +         Spirit   .     T - +2 hat {Int+3}
rElec  +         Reflect  .     V - +0 cloak
rCorr  +         Harm     .     C - +0 pair of gloves
MR     ++...     Clarity  +     x - +0 pair of boots
Stlth  ..........               z - amulet of regeneration (curse)
                                o - ring of protection from magic (curse)
                                r - ring of poison resistance (curse)

@: resistant
A: retaliatory headbutt, claws 1, horns 2, cold resistance 1, dopey 2, low mp 2,
poison resistance, screaming 1, evolution 1, MP-powered wands, sturdy frame 1
a: Curse Item, Scrying, Transfer Knowledge, Renounce Religion
}: 1/15 runes: decaying


You were on level 4 of the Snake Pit.
You worshipped Ashenzari.
Ashenzari was exalted by your worship.
You were not hungry.

You visited 4 branches of the dungeon, and saw 24 of its levels.
You also visited: Labyrinth, Sewer and Ice Cave.

You collected 2156 gold pieces.
You spent 140 gold pieces at shops.

Inventory:

Hand Weapons
 d - the cursed +11 broad axe of the Demagogue (weapon) {drain, rC+ Str+6 Stlth+}
   (You took it off a wight on level 8 of the Dungeon)

   A truly terrible weapon, it drains the life of those it strikes.
   It affects your strength (+6).
   It protects you from cold.
   It makes you more stealthy.
   It has a curse placed upon it.
Armour
 g - a +0 shield
 q - +0 swamp dragon scales
 x - a +0 pair of boots (worn)
 C - a +0 pair of gloves (worn)
 S - a +1 plate armour (worn)
 T - a +2 hat of intelligence (worn)
 V - a +0 cloak (worn)
 Z - a +0 large shield (worn)
Jewellery
 o - a cursed ring of protection from magic (right hand)
 r - a cursed ring of poison resistance (left hand)
 z - a cursed amulet of regeneration (around neck)
 J - an uncursed ring of fire
Wands
 c - a wand of lightning (0/15)
 j - a wand of slowing (21/48)
 p - a wand of slowing (30/48)
 v - a wand of digging (15/24)
 y - a wand of digging (19/24)
 F - a wand of lightning (4/15)
 K - a wand of teleportation (5/9)
 U - a wand of acid (4/15)
Scrolls
 b - a scroll of recharging
 e - a scroll of fog {unknown}
 h - 5 scrolls of noise
 i - 11 scrolls of teleportation
 k - 2 scrolls of brand weapon {unknown}
 l - a scroll of vulnerability {unknown}
 n - a scroll of acquirement {unknown}
 s - 5 scrolls of enchant weapon
 t - 13 scrolls of identify
 D - a scroll of holy word {unknown}
 I - 10 scrolls of remove curse
 L - 2 scrolls of enchant armour
 W - a scroll of fear {unknown}
 X - a scroll of summoning {unknown}
Potions
 m - 2 potions of ambrosia {unknown}
 u - 2 potions of cancellation {unknown}
 w - 5 potions of brilliance
 B - 2 potions of lignification
 E - 4 potions of flight
 G - 3 potions of invisibility
 N - a potion of magic {unknown}
 O - 3 potions of curing
 Q - 2 potions of resistance
 R - 2 potions of haste {unknown}
 Y - 3 potions of cure mutation
Comestibles
 a - 11 meat rations
 f - 8 bread rations
 H - 7 slices of pizza
 M - 6 beef jerkies
 P - 15 fruits


   Skills:
 + Level 17.2 Fighting
 + Level 20.6(24.1) Axes
 + Level 16.0 Armour
 - Level 2.1 Dodging
 - Level 0.5 Stealth
 + Level 18.1 Shields
 + Level 1.9(5.1) Evocations


You had 16 spell levels left.
You didn't know any spells.

Dungeon Overview and Level Annotations

Branches:
Dungeon (10/15)            Temple (0/1) D:4            Lair (6/6) D:10
  Swamp (4/4) Lair:4        Snake (4/4) Lair:2        Slime (0/5) Lair:6
    Orc (0/2) D:9

Altars:
Ashenzari
Elyvilon
Fedhas
Gozag
Hepliaklqana
Kikubaaqudgha
Qazlal
Sif Muna
Trog
Vehumet
The Shining One
Jiyva

Shops:
D:4 *   Snake:1 %

Annotations:
D:5 5 runed doors


Innate Abilities, Weirdness & Mutations

You reflexively headbutt those who attack you in melee.
You have a pair of horns on your head.
You have sharp fingernails.
Your flesh is cold resistant. (rC+)
You are very dopey. (Int -4)
Your magical capacity is very low. (-20% MP)
Your system is resistant to poisons. (rPois)
You occasionally shout uncontrollably at your foes.
You evolve.
You expend magic power (3 MP) to strengthen your wands.
Your movements are slightly less encumbered by armour. (ER -2)


Message History

The bolt of electricity hits you! You resist.
* * * LOW HITPOINT WARNING * * *
The bolt of electricity hits you! You resist.
* * * LOW HITPOINT WARNING * * *
The bolt of electricity misses the shock serpent.
You barely miss the shock serpent. You slice the shock serpent!!
You drain the shock serpent!
The shock serpent's electric aura discharges violently, shocking you!
* * * LOW HITPOINT WARNING * * *
You slash the shock serpent! You drain the shock serpent!
You kill the shock serpent!
You barely miss the shock serpent.
The air sparks with electricity, shocking you!
* * * LOW HITPOINT WARNING * * *
You block the shock serpent's attack. You block the black mamba's attack.
You slash the shock serpent! Your headbutt misses the shock serpent.
The shock serpent is moderately wounded.
Your shield and plate armour prevent you from hitting the black mamba.
The shock serpent's electric aura discharges, shocking you!
You die...

*#..≈§§§≈ * *...≈§≈≈≈≈§§§ *### #
##.≈§≈≈≈≈§≈§≈§##*#..,*
###§§≈≈≈≈§§≈§≈≈..##..,,
.##.≈≈§≈≈§≈≈§≈≈≈.'..∆,, {
..#§§≈≈≈≈§§≈≈§§§.'. ,∆, {*
..'§≈≈≈≈≈§§≈≈≈§§.'§, ,,{*
..#.≈≈≈≈§≈§≈≈≈§§S# , , **
.##..≈≈≈≈≈≈≈§§≈S@# * ,,
#)##.≈≈≈§≈≈≈§≈≈†###########
)))#..[≈≈≈≈≈≈≈..#...'.....#
)))##..§≈≈≈≈≈.†##...#≈....#
#)))##........##...##§§...#
##...###....###..(##§§§..##
≈##%...######...(##§.≈).####
≈≈##.......)(((.##≈≈≈..##..###
≈≈≈##.....†)...##≈≈≈÷.#####..###


You could see a shock serpent and a black mamba.

Vanquished Creatures
  Vashnia (Snake:3)
  Jorgrun (Swamp:3)
  A thorn hunter (Swamp:4)
  Gastronok (D:10)
  11 nagarajas
  2 very ugly things
  6 dire elephants (Lair:6)
  A minotaur (Lab)
  A fire dragon (Swamp:4)
  Josephine (Lair:5)
  2 ice dragons (IceCv)
  A ghost crab (Swamp:1)
  A catoblepas (Lair:6)
  15 naga warriors
  14 hydras
  Harold (D:10)
  17 anacondas
  Erica (D:9)
  2 alligators
  12 naga sharpshooters
  2 shock serpents
  8 salamander mystics
  8 swamp dragons
  3 spriggan druids
  A hill giant (D:10)
  3 naga ritualists
  Pikel (D:8)
  7 lindwurms
  A shambling mangrove (Swamp:4)
  11 mana vipers
  17 salamanders
  A shining eye (Lair:6)
  34 black mambas
  9 elephants (Lair:6)
  5 guardian serpents
  22 naga magi
  2 ice statues (IceCv)
  12 spiny frogs
  Psyche (D:8)
  6 komodo dragons
  5 rime drakes
  2 trolls
  4 tyrant leeches
  A polar bear (Lair:6)
  7 hornets
  A two-headed ogre (D:9)
  4 bog bodies
  15 blink frogs
  8 slime creatures
  7 hippogriffs
  2 redbacks (Lab)
  6 spriggans
  3 wraiths (Lair:5)
  A human (D:10)
  A wyvern (D:10)
  15 yaks
  3 basilisks
  Grum (D:10)
  14 vampire mosquitoes
  Menkaure (D:4)
  10 insubstantial wisps (Swamp:4)
  18 swamp worms
  38 nagas
  A soldier ant (D:9)
  5 water moccasins
  5 porcupines
  4 orc warriors
  4 slaves (D:8)
  7 swamp drakes
  3 sky beasts
  23 ice beasts
  A necrophage (D:8)
  5 ogres
  A black bear (D:6)
  3 centaurs
  3 wolves (D:10)
  8 crocodiles
  A big kobold (Sewer)
  12 bullfrogs
  A wyvern zombie (D:10)
  3 scorpions
  A killer bee (D:9)
  An electric eel (Lair:4)
  4 wights (D:8)
  2 crimson imps (D:9)
  3 jellies
  6 lava snakes
  A quasit (D:8)
  2 bullfrog zombies
  A centaur zombie (D:8)
  5 hounds
  8 orc priests
  A gnoll shaman (D:5)
  9 orc wizards
  2 bullfrog skeletons
  2 iguanas
  Terence (D:2)
  3 worker ants
  A hound zombie (D:7)
  2 worker ant zombies
  46 gnolls (D:5)
  17 adders
  6 river rats
  2 shadow imps
  3 oozes
  5 leopard geckos
  37 orcs
  A ball python (D:6)
  10 giant cockroaches
  11 goblins
  5 hobgoblins
  20 jackals
  9 kobolds
  5 quokkas
  10 bats
  4 frilled lizards
  A jackal zombie (D:7)
  14 rats
  9 briar patches (Swamp:4)
  15 fungi
  19 plants
807 creatures vanquished.

Vanquished Creatures (others)
  A guardian serpent (Snake:4)
  A naga mage (Snake:4)
  A briar patch (Swamp:4)
  A fungus (Lair:6)
  4 plants
  4 toadstools (D:1)
12 creatures vanquished.

Grand Total: 819 creatures vanquished

Notes
Turn   | Place    | Note
-------+----------+-------------------------------------------
     0 | D:1      | Millan the Minotaur Fighter began the quest for the Orb.
     0 | D:1      | Reached XP level 1. HP: 19/19 MP: 0/0
   276 | D:1      | Reached XP level 2. HP: 27/27 MP: 1/1
   761 | D:2      | Reached skill level 3 in Axes
   761 | D:2      | Reached XP level 3. HP: 31/33 MP: 2/2
  1088 | D:2      | Reached XP level 4. HP: 40/40 MP: 3/3
  1089 | D:2      | Found a blossoming altar of Fedhas.
  1092 | D:2      | Found an ancient bone altar of Kikubaaqudgha.
  1218 | D:2      | Noticed Terence
  1223 | D:2      | Killed Terence
  1223 | D:2      | Reached skill level 1 in Dodging
  1354 | D:2      | Found a deep blue altar of Sif Muna.
  1357 | D:2      | Found a white marble altar of Elyvilon.
  1704 | D:3      | Reached skill level 4 in Axes
  1746 | D:3      | Reached XP level 5. HP: 40/46 MP: 4/4
  2279 | D:3      | Found a shattered altar of Ashenzari.
  2323 | D:3      | Became a worshipper of Ashenzari the Shackled
  2884 | D:4      | Noticed a water elemental
  2887 | D:4      | Found a stormy altar of Qazlal.
  2887 | D:4      | Noticed Menkaure
  2888 | D:4      | Noticed a fire elemental
  2888 | D:4      | Noticed an air elemental
  2892 | D:4      | Killed Menkaure
  2892 | D:4      | Reached skill level 5 in Armour
  2892 | D:4      | Reached skill level 5 in Shields
  2892 | D:4      | Reached XP level 6. HP: 28/53 MP: 5/5
  2940 | D:4      | Reached skill level 5 in Axes
  2986 | D:4      | Found a staircase to the Ecumenical Temple.
  3142 | D:4      | Found Satumuw's Assorted Antiques.
  3302 | D:4      | Reached XP level 7. HP: 43/60 MP: 6/6
  3500 | D:4      | Reached skill level 5 in Fighting
  3500 | D:4      | Reached skill level 6 in Axes
  3525 | D:4      | Bought a glass ring for 140 gold pieces
  3539 | D:5      | Entered Level 5 of the Dungeon
  3723 | D:5      | Found a glowing drain.
  3754 | Sewer    | Entered a sewer
  3957 | Sewer    | Found a white marble altar of Elyvilon.
  4051 | D:5      | Reached skill level 7 in Axes
  4353 | D:5      | Reached XP level 8. HP: 69/69 MP: 7/7
  4442 | D:5      | Reached * piety under Ashenzari
  4445 | D:5      | Found a runed gate.
  4448 | D:5      | Found a runed gate.
  4448 | D:5      | Found a runed gate.
  4457 | D:5      | Found a runed door.
  4468 | D:5      | Found a runed door.
  4746 | D:5      | Reached skill level 8 in Axes
  4793 | D:5      | Found an ancient bone altar of Kikubaaqudgha.
  4827 | D:5      | Gained mutation: You are clumsy. (Dex -2) [mutagenic meat]
  4828 | D:5      | Gained mutation: Armour fits poorly on your strangely shaped body. [mutagenic meat]
  4829 | D:5      | Lost mutation: Armour fits poorly on your strangely shaped body. [potion of cure mutation]
  4829 | D:5      | Lost mutation: You are clumsy. (Dex -2) [potion of cure mutation]
  4831 | D:5      | Gained mutation: You have sharp toenails. [mutagenic meat]
  4832 | D:5      | Gained mutation: Your body sometimes deteriorates upon taking damage. [mutagenic meat]
  4832 | D:5      | Lost mutation: Your body sometimes deteriorates upon taking damage. [potion of cure mutation]
  4832 | D:5      | Lost mutation: You have sharp toenails. [potion of cure mutation]
  4875 | D:5      | Gained mutation: You are clumsy. (Dex -2) [mutagenic meat]
  4876 | D:5      | Gained mutation: Your muscles are strong. (Str +2) [mutagenic meat]
  4948 | D:5      | Found a glowing golden altar of the Shining One.
  6028 | D:6      | Reached skill level 9 in Axes
  6048 | D:6      | Reached XP level 9. HP: 32/75 MP: 8/8
  6182 | D:6      | Found a radiant altar of Vehumet.
  6422 | D:6      | Reached ** piety under Ashenzari
  6539 | D:6      | Found an opulent altar of Gozag.
  6870 | D:7      | Reached skill level 10 in Axes
  7077 | D:7      | Found a hazy altar of Hepliaklqana.
  7498 | D:8      | Noticed a troll
  7563 | D:7      | Killed a troll
  7992 | D:8      | Noticed Pikel
  8157 | D:8      | Noticed Psyche
  8165 | D:8      | Killed Psyche
  8165 | D:8      | Reached skill level 11 in Axes
  8209 | D:8      | Found a bloodstained altar of Trog.
  8213 | D:8      | Reached XP level 10. HP: 86/86 MP: 9/9
  8273 | D:8      | Got the broad axe of the Demagogue {drain, rC+ Str+6 Stlth+}
  8275 | D:8      | Identified the +11 broad axe of the Demagogue {drain, rC+ Str+6 Stlth+} (You took it off a wight on level 8 of the Dungeon)
  8495 | D:8      | Killed Pikel
  8870 | D:9      | Reached skill level 12 in Axes
  8967 | D:9      | Found a staircase to the Orcish Mines.
  9043 | D:9      | Reached *** piety under Ashenzari
  9155 | D:9      | Noticed Erica
  9173 | D:9      | Killed Erica
  9173 | D:9      | Reached skill level 10 in Armour
  9173 | D:9      | Reached skill level 10 in Shields
  9672 | D:10     | Entered Level 10 of the Dungeon
  9709 | D:10     | Noticed Gastronok
  9714 | D:10     | Found a staircase to the Lair.
  9723 | D:10     | Killed Gastronok
  9723 | D:10     | Reached skill level 13 in Axes
  9723 | D:10     | Reached XP level 11. HP: 70/95 MP: 10/10
  9839 | D:10     | Gained mutation: You have sharp fingernails. [mutagenic meat]
  9908 | D:10     | Noticed Harold
  9909 | D:10     | Noticed Grum
  9915 | D:10     | Killed Grum
  9922 | D:10     | Killed Harold
 10137 | D:10     | Noticed a hill giant
 10142 | D:10     | Killed a hill giant
 10435 | Lair:1   | Entered Level 1 of the Lair of Beasts
 10516 | Lair:1   | Reached skill level 14 in Axes
 10775 | Lair:1   | Found a labyrinth entrance.
 10783 | Lab      | Entered a labyrinth
 11104 | Lab      | Gained mutation: You evolve. [potion of mutation]
 11104 | Lab      | Gained mutation: You have sharp toenails. [potion of mutation]
 11104 | Lab      | Gained mutation: You are dopey. (Int -2) [potion of mutation]
 11421 | Lab      | Noticed a minotaur
 11427 | Lab      | Killed a minotaur
 11427 | Lab      | Reached skill level 10 in Fighting
 11454 | Lab      | Identified the Papyrus of the Glacial Birds
 11614 | Lair:1   | Noticed a five-headed hydra
 11622 | Lair:1   | Gained mutation: Your movements are slightly less encumbered by armour. (ER -2) [evolution]
 11622 | Lair:1   | Lost mutation: You evolve. [end of evolution]
 11623 | Lair:1   | Killed a seven-headed hydra
 12062 | Lair:2   | Found a staircase to the Snake Pit.
 12308 | Lair:2   | Reached XP level 12. HP: 106/106 MP: 11/11
 12359 | Lair:2   | Reached **** piety under Ashenzari
 12633 | Lair:2   | Reached skill level 15 in Axes
 12647 | Lair:2   | Reached skill level 1 in Evocations
 13079 | Snake:1  | Entered Level 1 of the Snake Pit
 13079 | Snake:1  | Found Deosm's Food Shoppe.
 13084 | Snake:1  | Noticed a naga warrior
 13465 | Lair:3   | Noticed an eight-headed hydra
 13472 | Lair:3   | Killed a nine-headed hydra
 13523 | Lair:3   | Noticed a seven-headed hydra
 13531 | Lair:3   | Killed a nine-headed hydra
 14028 | Lair:4   | Found a frozen archway.
 14044 | IceCv    | Entered an ice cave
 14117 | IceCv    | Reached skill level 16 in Axes
 14137 | IceCv    | Noticed an ice dragon
 14138 | IceCv    | Noticed an ice dragon
 14149 | IceCv    | Killed an ice dragon
 14156 | IceCv    | Killed an ice dragon
 14736 | Lair:4   | Reached ***** piety under Ashenzari
 15083 | Lair:4   | Found a staircase to the Swamp.
 15224 | Lair:4   | Reached XP level 13. HP: 102/116 MP: 13/13
 15923 | Lair:5   | Noticed Josephine
 15932 | Lair:5   | Killed Josephine
 16235 | Lair:6   | Entered Level 6 of the Lair of Beasts
 16375 | Lair:6   | Reached skill level 17 in Axes
 16996 | Lair:6   | Found a viscous altar of Jiyva.
 16996 | Lair:6   | Found a staircase to the Slime Pits.
 16998 | Lair:6   | Gained mutation: You occasionally shout uncontrollably at your foes. [a shining eye]
 17244 | Lair:6   | Noticed a dire elephant
 17244 | Lair:6   | Noticed a dire elephant
 17251 | Lair:6   | Killed a dire elephant
 17255 | Lair:6   | Killed a dire elephant
 17270 | Lair:6   | Identified Sif Muna's Handbook of Dark Transformation
 17290 | Lair:6   | Noticed a dire elephant
 17300 | Lair:6   | Killed a dire elephant
 17333 | Lair:6   | Noticed a dire elephant
 17334 | Lair:6   | Noticed a dire elephant
 17344 | Lair:6   | Killed a dire elephant
 17350 | Lair:6   | Killed a dire elephant
 17429 | Lair:6   | Noticed a dire elephant
 17439 | Lair:6   | Killed a dire elephant
 17439 | Lair:6   | Reached skill level 18 in Axes
 17690 | Swamp:1  | Entered Level 1 of the Swamp
 18029 | Swamp:1  | Reached XP level 14. HP: 129/129 MP: 14/14
 19119 | Swamp:2  | Noticed a green very ugly thing
 19126 | Swamp:2  | Killed a green very ugly thing
 19140 | Swamp:2  | Gained mutation: Your magical capacity is low. (-10% MP) [mutagenic meat]
 19141 | Swamp:2  | Gained mutation: You evolve. [mutagenic meat]
 19142 | Swamp:2  | Lost mutation: You have sharp toenails. [mutagenic meat]
 19143 | Swamp:2  | Lost mutation: Your muscles are strong. (Str +2) [mutagenic meat]
 19167 | Swamp:2  | Reached ****** piety under Ashenzari
 19814 | Swamp:3  | Noticed Jorgrun
 19821 | Swamp:3  | Killed Jorgrun
 20027 | Swamp:3  | Gained mutation: Your flesh is cold resistant. (rC+) [evolution]
 20456 | Swamp:4  | Entered Level 4 of the Swamp
 20562 | Swamp:4  | Gained mutation: Your magical capacity is very low. (-20% MP) [potion of mutation]
 20562 | Swamp:4  | Lost mutation: You are clumsy. (Dex -2) [potion of mutation]
 20843 | Swamp:4  | Noticed a white very ugly thing
 20857 | Swamp:4  | Killed a white very ugly thing
 21227 | Swamp:4  | Reached XP level 15. HP: 128/139 MP: 12/12
 21240 | Swamp:4  | Noticed a thorn hunter
 21257 | Swamp:4  | Killed a thorn hunter
 21573 | Swamp:4  | Got a decaying rune of Zot
 21810 | Swamp:4  | Reached skill level 19 in Axes
 23090 | Snake:2  | Reached skill level 15 in Fighting
 23225 | Snake:2  | Reached skill level 15 in Shields
 23909 | Snake:3  | Reached skill level 15 in Armour
 23965 | Snake:3  | Gained mutation: You are very dopey. (Int -4) [mutagenic meat]
 23966 | Snake:3  | Gained mutation: Your system is resistant to poisons. (rPois) [mutagenic meat]
 23967 | Snake:3  | Gained mutation: Your muscles are strong. (Str +2) [mutagenic meat]
 24054 | Snake:3  | Noticed a nagaraja
 24063 | Snake:3  | Killed a nagaraja
 24397 | Snake:3  | Noticed Vashnia
 24468 | Snake:3  | Killed Vashnia
 24468 | Snake:3  | Reached XP level 16. HP: 48/149 MP: 12/12
 25155 | Snake:4  | Entered Level 4 of the Snake Pit
 25566 | Snake:4  | Reached skill level 20 in Axes
 25878 | Snake:4  | Gained mutation: You expend magic power (3 MP) to strengthen your wands. [potion of mutation]
 25878 | Snake:4  | Lost mutation: Your muscles are strong. (Str +2) [potion of mutation]
 26650 | Snake:4  | Reached XP level 17. HP: 153/160 MP: 13/13
 26896 | Snake:4  | HP: 8/161 [shock serpent/electric aura (3)]
 26897 | Snake:4  | HP: 1/161 [something (8)]
 26898 | Snake:4  | Killed from afar by a shock serpent

Skill      XL: |  1  2  3  4  5  6  7  8  9 10 11 12 13 14 15 16 17 |
---------------+----------------------------------------------------+-----
Armour         | 4 5 6 7 8 10 11 12 14 15 16 | 16.0
Shields        | 4 5 6 7 9 10 11 12 14 16 17 18 | 18.1
Axes           | 3 4 5 7 9 11 13 14 16 18 19 20 | 20.6
Fighting       | 4 5 6 7 8 10 11 13 14 15 16 17 | 17.2
Dodging        | 1 2 |  2.1
Evocations     | 1 |  1.9
Stealth        | |  0.5

Action                   |  1- 3 |  4- 6 |  7- 9 | 10-12 | 13-15 | 16-18 || total
-------------------------+-------+-------+-------+-------+-------+-------++-------
Melee: War axe           |    82 |   125 |   492 |     5 |       |       ||   704
       Headbutt          |    11 |    25 |    90 |    70 |   187 |    58 ||   441
       Broad axe         |       |       |       |   388 |   761 |   283 ||  1432
Invok: Curse Item        |       |     2 |     1 |     1 |       |       ||     4
       Scrying           |       |       |     1 |     7 |       |       ||     8
Evoke: Wand              |       |       |       |    10 |     6 |       ||    16
  Use: Potion            |       |       |    11 |     6 |    14 |     6 ||    37
       Scroll            |       |       |     2 |     6 |     4 |       ||    12
 Stab: Paralysed         |       |       |       |     1 |     1 |       ||     2
  Eat: Chunk             |     1 |     7 |    13 |     9 |    17 |       ||    47
       Bread ration      |       |       |     1 |     1 |     3 |     2 ||     7
       Meat ration       |       |       |     1 |     1 |     1 |       ||     3
       Fruit             |       |       |       |     3 |     1 |       ||     4
       Pizza             |       |       |       |     2 |       |       ||     2
       Beef jerky        |       |       |       |       |     1 |       ||     1
Armor: Scale mail        |    23 |       |       |       |       |       ||    23
       Chain mail        |    22 |    81 |   267 |     9 |       |       ||   379
       Plate armour      |       |       |       |   106 |   327 |   114 ||   547
Dodge: Dodged            |    23 |    28 |   167 |    84 |   183 |    54 ||   539
Block: Shield            |    49 |    53 |   350 |   182 |   392 |       ||  1026
       Large shield      |       |       |       |       |   149 |   328 ||   477
